AAA W
RENO ACES @ SACRAMENTO RIVER CATS
07/26/2030
 
TOP OF THE 1ST
Reno Aces batting - Pitching for Sacramento River Cats : LHP Seth Corry
Pitching: LHP Seth Corry
Batting: RHB Brad Vogel 0-0: Ball
1-0: SINGLE (Groundball, 6, EV 101.3 MPH)
Batting: LHB Hiroto Kobukata 0-0: Ball
1-0: Ball
2-0: Foul Ball, location: 2LF
2-1: Foul Ball, location: 7LMF
2-2: Foul Ball, location: 2F
2-2: Ball
3-2: Fly out, F7 (Flyball, 78D, EV 83.1 MPH)
Batting: RHB Jamie Connor 0-0: Ball
1-0: Ball
2-0: Called Strike
2-1: Ball
3-1: Base on Balls
Brad Vogel to second
Batting: RHB Dwight Boone 0-0: 3-RUN HOME RUN (Flyball, 7D, EV 100.6 MPH), Distance : 399 ft
Batting: RHB Jesus Agosto 0-0: Called Strike
0-1: Ground out 3-1 (Groundball, 13, EV 85.6 MPH)
Batting: RHB Steve Carr 0-0: Ball
1-0: Ground out 4-3 (Groundball, 4, EV 98.1 MPH)
Top of the 1st over - 3 runs, 2 hits, 0 errors, 0 left on base; Reno 3 - Sacramento 0
BOTTOM OF THE 1ST
Sacramento River Cats batting - Pitching for Reno Aces : LHP Bobby Westbrooks
Pitching: LHP Bobby Westbrooks
Batting: RHB Jake Newsome 0-0: Ground out 6-3 (Groundball, 6, EV 85.6 MPH)
Batting: SHB Tommy Birch 0-0: Called Strike
0-1: Ball
1-1: Foul Ball, location: 25F
1-2: Ball
2-2: Foul Ball, location: 3FF
2-2: Ball
3-2: Base on Balls
Batting: SHB Chris Maguire 0-0: Ball
Tommy Birch is caught stealing 2nd base 2-4
1-0: Ball
2-0: Ball
3-0: Called Strike
3-1: Ground out 3-1 (Groundball, 34S, EV 88.8 MPH)
Bottom of the 1st over - 0 runs, 0 hits, 0 errors, 0 left on base; Reno 3 - Sacramento 0
TOP OF THE 2ND
Reno Aces batting - Pitching for Sacramento River Cats : LHP Seth Corry
Batting: RHB Ivan Herrera 0-0: Ball
1-0: Foul Ball, location: 25F
1-1: Ball
2-1: Foul Ball, location: 23F
2-2: Foul Ball, location: 5DF
2-2: Foul Ball, location: 23FF
2-2: Ground out 5-3 (Groundball, 56S, EV 88.1 MPH)
Batting: LHB Dahiandy Johnson 0-0: Foul Ball, location: 2F
0-1: Ball
1-1: Ball
2-1: Ball
3-1: Base on Balls
Batting: RHB Ezequiel Tovar 0-0: Ball
1-0: Ball
2-0: Ball
3-0: Base on Balls
Dahiandy Johnson to second
Batting: RHB Brad Vogel 0-0: Ball
1-0: Ball
2-0: Ball
3-0: Base on Balls
Dahiandy Johnson to third
Ezequiel Tovar to second
Batting: LHB Hiroto Kobukata 0-0: Ball
Wild Pitch!
Dahiandy Johnson scores
Ezequiel Tovar to third
Brad Vogel to second
1-0: Swinging Strike
1-1: Ball
2-1: Ball
3-1: DOUBLE (Line Drive, 5D, EV 105.6 MPH)
Ezequiel Tovar scores
Brad Vogel scores
Batting: RHB Jamie Connor 0-0: Called Strike
0-1: Ball
1-1: Ball
2-1: Foul Ball, location: 2F
2-2: Reached on error, E1 (Groundball, 15S, EV 68.1 MPH)
Batting: RHB Dwight Boone 0-0: Ball
1-0: Ball
2-0: Ball
3-0: Base on Balls
Hiroto Kobukata to third
Jamie Connor to second
Batting: RHB Jesus Agosto 0-0: Ball
1-0: Ball
2-0: Ball
3-0: Base on Balls
Hiroto Kobukata scores
Jamie Connor to third
Dwight Boone to second
Pitching: RHP Jeff Robertson
Batting: RHB Steve Carr 0-0: Ball
1-0: Ball
2-0: Ball
3-0: Base on Balls
Jamie Connor scores
Dwight Boone to third
Jesus Agosto to second
Batting: RHB Ivan Herrera 0-0: Fly out, F9 (Flyball, 9LM, EV 96.9 MPH)
Runner from 3rd tags up, SCORES, throw by RF
Batting: LHB Dahiandy Johnson 0-0: Fielders Choice at 2nd, U4 (Groundball, 4M, EV 103.8 MPH)
Top of the 2nd over - 6 runs, 1 hit, 1 error, 2 left on base; Reno 9 - Sacramento 0
BOTTOM OF THE 2ND
Sacramento River Cats batting - Pitching for Reno Aces : LHP Bobby Westbrooks
Batting: RHB Jerrod Elliott 0-0: Ball
1-0: Ball
2-0: Ground out 4-3 (Groundball, 4, EV 103.8 MPH)
Batting: LHB Hermengildo Faio 0-0: Fly out, F7 (Flyball, 7D, EV 106.9 MPH)
Batting: RHB Chris Gardner 0-0: Ball
1-0: SINGLE (Groundball, 6M, EV 100.0 MPH) (infield hit)
Batting: LHB Sean Cody 0-0: Ball
1-0: Swinging Strike
1-1: Ball
2-1: Foul Ball, location: 5SF
2-2: Strikes out swinging
Bottom of the 2nd over - 0 runs, 1 hit, 0 errors, 1 left on base; Reno 9 - Sacramento 0
TOP OF THE 3RD
Reno Aces batting - Pitching for Sacramento River Cats : RHP Jeff Robertson
Batting: RHB Ezequiel Tovar 0-0: Called Strike
0-1: TRIPLE (Line Drive, 78XD, EV 103.1 MPH)
Batting: RHB Brad Vogel 0-0: Called Strike
0-1: Ball
1-1: Called Strike
1-2: Strikes out looking
Batting: LHB Hiroto Kobukata 0-0: Ball
1-0: Ball
2-0: Foul Ball, location: 25F
2-1: Ball
3-1: Base on Balls
Batting: RHB Jamie Connor 0-0: Fly out, F9 (Flyball, 9S, EV 91.9 MPH)
Batting: RHB Dwight Boone 0-0: Ball
1-0: Ball
2-0: Swinging Strike
2-1: Swinging Strike
2-2: Ball
3-2: Foul Ball, location: 9LSF
3-2: Foul Ball, location: 2RF
3-2: Strikes out looking
Top of the 3rd over - 0 runs, 1 hit, 0 errors, 2 left on base; Reno 9 - Sacramento 0
BOTTOM OF THE 3RD
Sacramento River Cats batting - Pitching for Reno Aces : LHP Bobby Westbrooks
Batting: LHB Jeff Bogard 0-0: DOUBLE (Groundball, 5L, EV 107.5 MPH)
Batting: LHB Mike Kramer 0-0: Called Strike
0-1: Foul Ball, location: 2F
0-2: Strikes out looking
Batting: RHB Jake Newsome 0-0: Called Strike
0-1: Ball
1-1: Ball
Jeff Bogard is caught stealing 3rd base 2-5
2-1: Swinging Strike
2-2: Foul Ball, location: 5F
2-2: Ground out 4-3 (Groundball, 4, EV 89.4 MPH)
Bottom of the 3rd over - 0 runs, 1 hit, 0 errors, 0 left on base; Reno 9 - Sacramento 0
TOP OF THE 4TH
Reno Aces batting - Pitching for Sacramento River Cats : RHP Jeff Robertson
Batting: RHB Jesus Agosto 0-0: Ball
1-0: Fly out, F9 (Flyball, 89M, EV 85.0 MPH)
Batting: RHB Steve Carr 0-0: Ground out 4-3 (Groundball, 4, EV 101.3 MPH)
Batting: RHB Ivan Herrera 0-0: Ball
1-0: Fly out, F9 (Flyball, 9LD, EV 110.0 MPH)
Top of the 4th over - 0 runs, 0 hits, 0 errors, 0 left on base; Reno 9 - Sacramento 0
BOTTOM OF THE 4TH
Sacramento River Cats batting - Pitching for Reno Aces : LHP Bobby Westbrooks
Batting: SHB Tommy Birch 0-0: Ground out 6-3 (Groundball, 6, EV 81.9 MPH)
Batting: SHB Chris Maguire 0-0: Called Strike
0-1: Ball
1-1: Fly out, F9 (Line Drive, 89S, EV 94.4 MPH)
Batting: RHB Jerrod Elliott 0-0: Ball
1-0: Ball
2-0: Ball
3-0: Base on Balls
Batting: LHB Hermengildo Faio 0-0: Foul Ball, location: 23F
0-1: Swinging Strike
0-2: Foul Ball, location: 2F
0-2: Ball
1-2: Foul Ball, location: 7LDF
1-2: Strikes out swinging
Bottom of the 4th over - 0 runs, 0 hits, 0 errors, 1 left on base; Reno 9 - Sacramento 0
TOP OF THE 5TH
Reno Aces batting - Pitching for Sacramento River Cats : RHP Jeff Robertson
Pitching: RHP Juan Adame
Batting: LHB Dahiandy Johnson 0-0: Foul Ball, location: 3F
0-1: Called Strike
0-2: Ball
1-2: Foul Ball, location: 3DF
1-2: Ball
2-2: Strikes out looking
Batting: RHB Ezequiel Tovar 0-0: Ball
1-0: Ball
2-0: Ball
3-0: Called Strike
3-1: Foul Ball, location: 3DF
3-2: Base on Balls
Batting: RHB Brad Vogel 0-0: Ball
1-0: Called Strike
1-1: Ball
2-1: Foul Ball, location: 5F
2-2: Foul Ball, location: 2F
2-2: Strikes out swinging
Batting: LHB Hiroto Kobukata 0-0: Ball
1-0: Fly out, F5 (Line Drive, 5L, EV 66.9 MPH)
Top of the 5th over - 0 runs, 0 hits, 0 errors, 1 left on base; Reno 9 - Sacramento 0
BOTTOM OF THE 5TH
Sacramento River Cats batting - Pitching for Reno Aces : LHP Bobby Westbrooks
Batting: RHB Chris Gardner 0-0: Called Strike
0-1: Foul Ball, location: 2LF
0-2: Ball
1-2: Ball
2-2: Ground out 4-3 (Groundball, 4M, EV 82.5 MPH)
Batting: LHB Sean Cody 0-0: Ball
1-0: Ball
2-0: Foul Ball, location: 2F
2-1: Ball
3-1: SINGLE (Line Drive, 56D, EV 95.6 MPH)
Batting: LHB Jeff Bogard 0-0: Ball
Passed Ball!
Sean Cody to second
1-0: Ball
2-0: Foul Ball, location: 2F
2-1: Ball
3-1: Ground out 6-3 (Groundball, 6S, EV 93.1 MPH)
Sean Cody to third
Batting: LHB Mike Kramer 0-0: Ball
1-0: Ground out 4-3 (Groundball, 4, EV 98.8 MPH)
Bottom of the 5th over - 0 runs, 1 hit, 0 errors, 1 left on base; Reno 9 - Sacramento 0
TOP OF THE 6TH
Reno Aces batting - Pitching for Sacramento River Cats : RHP Juan Adame
Batting: RHB Jamie Connor 0-0: Swinging Strike
0-1: Foul Ball, location: 9LMF
0-2: Strikes out swinging
Batting: RHB Dwight Boone 0-0: Ball
1-0: Called Strike
1-1: Fly out, F7 (Flyball, 78M, EV 88.1 MPH)
Batting: RHB Jesus Agosto 0-0: Swinging Strike
0-1: Foul Ball, location: 2F
0-2: Ball
1-2: SINGLE (Groundball, 6MD, EV 101.9 MPH)
Batting: RHB Steve Carr 0-0: Ball
1-0: Called Strike
1-1: Swinging Strike
1-2: Strikes out swinging
Top of the 6th over - 0 runs, 1 hit, 0 errors, 1 left on base; Reno 9 - Sacramento 0
BOTTOM OF THE 6TH
Sacramento River Cats batting - Pitching for Reno Aces : LHP Bobby Westbrooks
Batting: RHB Jake Newsome 0-0: Swinging Strike
0-1: Called Strike
0-2: Ground out 5-3 (Groundball, 56, EV 86.3 MPH)
Batting: SHB Tommy Birch 0-0: Called Strike
0-1: Called Strike
0-2: Foul Ball, location: 2F
0-2: Ball
1-2: Fly out, F9 (Flyball, 9D, EV 102.5 MPH)
Batting: SHB Chris Maguire 0-0: Fly out, F8 (Flyball, 78XD, EV 90.0 MPH)
Bottom of the 6th over - 0 runs, 0 hits, 0 errors, 0 left on base; Reno 9 - Sacramento 0
TOP OF THE 7TH
Reno Aces batting - Pitching for Sacramento River Cats : RHP Juan Adame
Pitching: RHP Danny Ibarra
Batting: RHB Ivan Herrera 0-0: Foul Ball, location: 25FF
0-1: Fly out, F9 (Flyball, 89S, EV 85.6 MPH)
Pinch Hitting: LHB Bill LaNear 0-0: Ball
1-0: Ball
2-0: Ball
3-0: Called Strike
3-1: Ground out 4-3 (Groundball, 4, EV 78.8 MPH)
Batting: RHB Ezequiel Tovar 0-0: Ball
1-0: Called Strike
1-1: Ball
2-1: Ball
3-1: Ground out 6-3 (Groundball, 6, EV 78.8 MPH)
Top of the 7th over - 0 runs, 0 hits, 0 errors, 0 left on base; Reno 9 - Sacramento 0
BOTTOM OF THE 7TH
Sacramento River Cats batting - Pitching for Reno Aces : LHP Bobby Westbrooks
Now in LF: Steve Carr
Now in RF: Chris Hoff
Batting: RHB Jerrod Elliott 0-0: Called Strike
0-1: Called Strike
0-2: Ball
1-2: Ground out 1-3 (Groundball, P, EV 73.1 MPH)
Batting: LHB Hermengildo Faio 0-0: Called Strike
0-1: Foul Ball, location: 7LDF
0-2: Foul Ball, location: 7LMF
0-2: Fly out, F8 (Flyball, 8RXD, EV 108.8 MPH)
Batting: RHB Chris Gardner 0-0: Ball
1-0: Swinging Strike
1-1: Called Strike
1-2: Fly out, F7 (Flyball, 78M, EV 95.6 MPH)
Bottom of the 7th over - 0 runs, 0 hits, 0 errors, 0 left on base; Reno 9 - Sacramento 0
TOP OF THE 8TH
Reno Aces batting - Pitching for Sacramento River Cats : RHP Danny Ibarra
Batting: RHB Brad Vogel 0-0: Called Strike
0-1: SINGLE (Groundball, 56S, EV 85.0 MPH)
Batting: LHB Hiroto Kobukata 0-0: Ball
1-0: Ground out 5-3 (Groundball, 56, EV 68.8 MPH)
Brad Vogel to second
Batting: RHB Jamie Connor 0-0: Ball
1-0: Fly out, F7 (Flyball, 78M, EV 76.9 MPH)
Batting: RHB Dwight Boone 0-0: Ball
1-0: Ball
2-0: Called Strike
2-1: Called Strike
2-2: Strikes out swinging
Top of the 8th over - 0 runs, 1 hit, 0 errors, 1 left on base; Reno 9 - Sacramento 0
BOTTOM OF THE 8TH
Sacramento River Cats batting - Pitching for Reno Aces : LHP Bobby Westbrooks
Batting: LHB Sean Cody 0-0: Ball
1-0: Ground out U3 (Groundball, 34S, EV 81.3 MPH)
Batting: LHB Jeff Bogard 0-0: Ball
1-0: Called Strike
1-1: Swinging Strike
1-2: Ground out 6-3 (Groundball, 6, EV 103.8 MPH)
Batting: LHB Mike Kramer 0-0: Called Strike
0-1: Ball
1-1: Swinging Strike
1-2: Ball
2-2: Fly out, F8 (Flyball, 8LD, EV 104.4 MPH)
Bottom of the 8th over - 0 runs, 0 hits, 0 errors, 0 left on base; Reno 9 - Sacramento 0
TOP OF THE 9TH
Reno Aces batting - Pitching for Sacramento River Cats : RHP Danny Ibarra
Batting: RHB Jesus Agosto 0-0: Ball
1-0: Ball
2-0: Called Strike
2-1: Swinging Strike
2-2: Foul Ball, location: 2F
2-2: Strikes out swinging
Batting: RHB Steve Carr 0-0: Ball
1-0: Foul Ball, location: 7LMF
1-1: SINGLE (Groundball, 34D, EV 101.3 MPH)
Batting: RHB Ivan Herrera 0-0: Foul Ball, location: 2F
0-1: Ball
1-1: Foul Ball, location: 23F
1-2: Ball
2-2: Strikes out looking
Batting: LHB Chris Hoff 0-0: Called Strike
0-1: Called Strike
0-2: Foul Ball, location: 7LMF
0-2: Fly out, F3 (Line Drive, 34, EV 70.6 MPH)
Top of the 9th over - 0 runs, 1 hit, 0 errors, 1 left on base; Reno 9 - Sacramento 0
BOTTOM OF THE 9TH
Sacramento River Cats batting - Pitching for Reno Aces : LHP Bobby Westbrooks
Batting: RHB Jake Newsome 0-0: Ball
1-0: Foul Ball, location: 3FF
1-1: Foul Ball, location: 9LMF
1-2: Ground out 6-3 (Groundball, 6, EV 80.0 MPH)
Batting: SHB Tommy Birch 0-0: Called Strike
0-1: Ball
1-1: Ball
2-1: Foul Ball, location: 3SF
2-2: Ground out 6-3 (Groundball, 6, EV 103.1 MPH)
Batting: SHB Chris Maguire 0-0: Called Strike
0-1: Foul Ball, location: 5SF
0-2: Ball
1-2: Ball
2-2: Ball
3-2: Base on Balls
Pitching: RHP Isaiah Polite
Batting: RHB Jerrod Elliott 0-0: Called Strike
0-1: Fielders Choice at 2nd, 5-4 (Groundball, 5, EV 98.8 MPH)
Bottom of the 9th over - 0 runs, 0 hits, 0 errors, 1 left on base; Reno 9 - Sacramento 0
Wednesday, April 3rd , 2024 - OOTP Baseball 24.7 Build 72